 Dungeon Crawl Stone Soup version 0.27.1-34-g3ba077fa99 (webtiles) character file.

Game seed: 16416157622038003107

247 McKennaii the Skirmisher (level 5, -29/42 HPs)
             Began as a Demonspawn Fighter on Jan 15, 2022.
             Killed by an exploding orc wizard (38 damage)
             ... ignited by their inner flame
             ... on level 3 of the Dungeon.
             The game lasted 00:02:54 (2906 turns).

McKennaii the Skirmisher (Demonspawn Fighter)       Turns: 2906, Time: 00:02:55

Health: -29/42     AC:  6    Str: 18    XL:     5   Next: 85%
Magic:  5/5        EV:  7    Int: 11    God:
Gold:   88         SH:  9    Dex: 12    Spells: 4/4 levels left

rFire    . . .     SeeInvis .   a - +1 trident
rCold    . . .     Faith    .   c - +0 kite shield
rNeg     . . .     Spirit   .   b - +0 scale mail
rPois    .         Reflect  .   (no helmet)
rElec    .         Harm     .   (no cloak)
rCorr    .         Rampage  .   (no gloves)
Will     .....                  (no boots)
Stlth    ..........             (no amulet)
HPRegen  0.14/turn              (no ring)
MPRegen  0.09/turn              (no ring)

@: no status effects
A: spiny 1, big brain 1
a: no special abilities


You were on level 3 of the Dungeon.
You visited 1 branch of the dungeon, and saw 3 of its levels.

You collected 88 gold pieces.

Inventory:

Hand Weapons
 a - a +1 trident (weapon)
Armour
 b - a +0 scale mail (worn)
 c - a +0 kite shield (worn)
Wands
 g - a wand of flame (16)
 j - a wand of digging (4)
 m - a wand of mindburst (13)
Scrolls
 n - a scroll of fear {unknown}
Potions
 d - 3 potions of might
 f - 4 potions of degeneration {unknown}
 h - a potion of berserk rage {unknown}
 k - 2 potions of attraction {unknown}
 l - a potion of lignification {unknown}


   Skills:
 + Level 4.0 Fighting
 + Level 3.6 Polearms
 + Level 3.6 Armour
 + Level 3.6 Shields


You had 4 spell levels left.
You didn't know any spells.
Your spell library contained the following spells:

 Spells                   Type           Power      Damage    Failure   Level
 Animate Skeleton         Necr           0%         N/A       99%         1
 Pain                     Necr           0%         1d4       99%         1
 Vampiric Draining        Necr           0%         2d6       100%        3


Dungeon Overview and Level Annotations

Branches:
Dungeon (3/15)

Altars:
Makhleb
Zin

Annotations:
D:2 1 runed translucent door, Crazy Yiuf


Innate Abilities, Weirdness & Mutations

You are partially covered in sharp spines.
You have an unusually large brain. (Int +2)


Message History

Deactivating autopickup; reactivate with Ctrl-A.
A scorpion comes into view.
The orc wizard mumbles some strange words.
The orc wizard flickers and vanishes!
You closely miss something. Something hits you but does no damage.
The orc priest looks satisfied for a moment.
You miss something.
You hear some strange, mumbled words.
A magic dart appears from out of thin air!
The magic dart hits you but does no damage.
A magic dart appears from out of thin air!
The magic dart hits something.
You miss something.
You hear some strange, mumbled words.
A magic dart appears from out of thin air!
The magic dart hits you!
The orc priest mumbles some strange prayers to Beogh against you.
Beogh smites you!
* * * LOW HITPOINT WARNING * * *
You block something's attack.
As you read the scroll labelled YLICSI HUADOIXO, it crumbles to dust.
It is a scroll of enchant weapon.
Your +0 trident glows red for a moment.
Something hits you.
* * * LOW HITPOINT WARNING * * *
As you read the scroll labelled MOTEBB LIACLEA, it crumbles to dust.
The creatures around you are filled with an inner flame!
It was a scroll of immolation.
Something hits you.
* * * LOW HITPOINT WARNING * * *
The orc priest invokes the aid of Beogh against you.
Something writhes in agony!
Reactivating autopickup.
You feel a bit more experienced.
The orc wizard explodes!
The fiery explosion engulfs the orc priest!!
The fiery explosion engulfs something!!!
You feel a bit more experienced.
The fiery explosion engulfs the ball python!!
The fiery explosion engulfs you!!!
Ouch! That really hurt!
You die...

# ##
#.#.#############
#.#...§##.........#
#....s§§@.#.....#.#
###...§##...###.#.#
.....#.#####.#
#.#.# #### #. #.#
#...# #. #.# ##..#
##+# #.# #..#
##...## #.####..#
##.....###.......#
##....<..######..##


You could see a scorpion (inner flame).

Vanquished Creatures
  A scorpion (D:2)
  An orc priest (D:3)
  Natasha (thrice) (D:2)
  An orc wizard (D:3)
  3 gnolls (D:2)
  2 adders
  3 worms (D:2)
  2 dart slugs
  7 bats
  4 endoplasms
  A giant cockroach (D:2)
  5 hobgoblins
  3 jackals (D:1)
  4 kobolds
  3 quokkas
  8 ball pythons
  A frilled lizard (D:2)
  4 goblins
  6 rats
62 creatures vanquished.

Vanquished Creatures (others)
  An orc wizard (D:3)
  8 demonic plants (D:2)
  5 fungi (D:2)
  5 plants (D:2)
  2 withered plants (D:2)
21 creatures vanquished.

Grand Total: 83 creatures vanquished

Notes
Turn   | Place    | Note
-------+----------+-------------------------------------------
     0 | D:1      | McKennaii the Demonspawn Fighter began the quest for the
                  | Orb.
     0 | D:1      | Reached XP level 1. HP: 18/18 MP: 1/1
   112 | D:1      | Gained mutation: You are partially covered in sharp spines.
                  | [demonic ancestry]
   112 | D:1      | Reached XP level 2. HP: 6/24 MP: 2/2
   532 | D:1      | Reached XP level 3. HP: 29/29 MP: 3/3
  1054 | D:2      | Noticed Natasha
  1059 | D:2      | Killed Natasha
  1060 | D:2      | Gained mutation: You have an unusually large brain. (Int
                  | +2) [demonic ancestry]
  1060 | D:2      | Reached XP level 4. HP: 25/35 MP: 4/4
  1154 | D:2      | Noticed Natasha
  1164 | D:2      | Killed Natasha
  1428 | D:2      | Noticed a scorpion
  1437 | D:2      | Killed a scorpion
  1438 | D:2      | Reached XP level 5. HP: 20/42 MP: 5/5
  2116 | D:2      | Noticed Natasha
  2124 | D:2      | Killed Natasha
  2125 | D:2      | Reached skill level 4 in Fighting
  2264 | D:2      | Found a faded altar of an unknown god.
  2513 | D:2      | Found a runed translucent door.
  2514 | D:2      | Noticed Crazy Yiuf
  2686 | D:3      | Found a burning altar of Makhleb.
  2686 | D:3      | Noticed a cacodemon
  2906 | D:3      | Killed by an exploding orc wizard... ignited by their inner
                  | flame

Illustrated notes

Levels and vault maps discovered:
D:1:      wheals_arrival_linesprint, layout_rooms, minmay_surrounded
D:2:      minmay_general_purpose_star, layout_loops_ring,
          shapermc_ecumenical_altar_gd, basic_altar, st_stairs_2, uniq_natasha,
          uniq_crazy_yiuf_cottage
D:3:      kennysheep_goblin_castle, layout_loops_corners,
          makhleb_altar_promises_db, kennysheep_pointless_box,
          minmay_snake_closets

Skill      XL: |  1  2  3  4  5 |
---------------+----------------+-----
Polearms       | 2 3 |  3.6
Armour         | 3 |  3.6
Shields        | 3 |  3.6
Fighting       | 4 |  4.0

Action                   |  1- 3 |  4- 6 || total
-------------------------+-------+-------++-------
Melee: Trident           |   104 |    70 ||   174
  Use: Scroll            |       |     2 ||     2
Armor: Scale mail        |    36 |    15 ||    51
Dodge: Dodged            |    33 |    11 ||    44
Block: Kite shield       |    47 |    24 ||    71
